 Dungeon Crawl Stone Soup version 0.29.1-15-g9cfb28693d (webtiles) character file.

Game seed: 2818418195987516542

163 Thatpatchoflichen the Shooter (level 5, 0/41 HPs)
             Began as a Human Hunter on Feb 28, 2023.
             Slain by Ijyb
             ... wielding a +4 spectral club
              (3 damage)
             ... on level 3 of the Dungeon.
             The game lasted 00:05:11 (2019 turns).

Thatpatchoflichen the Shooter (Human Hunter)        Turns: 2019, Time: 00:05:12

Health: 0/41       AC:  6    Str: 11    XL:     5   Next: 73%
Magic:  5/5        EV: 10    Int: 15    God:
Gold:   118        SH:  0    Dex: 19    Spells: 4/4 levels left

rFire   . . .      SeeInvis .   a - +0 shortbow
rCold   . . .      Faith    .   (shield currently unavailable)
rNeg    . . .      Spirit   .   k - +0 scale mail
rPois   .          Reflect  .   (no helmet)
rElec   .          Harm     .   (no cloak)
rCorr   .          Rampage  .   (no gloves)
Will    .....                   (no boots)
Stlth   +.........              (no amulet)
HPRegen 0.13/turn               o - +6 ring of intelligence
MPRegen 0.09/turn               (no ring)

@: hasted, very quick
A: no striking features
a: no special abilities


You were on level 3 of the Dungeon.
You visited 1 branch of the dungeon, and saw 3 of its levels.

You collected 118 gold pieces.

Inventory:

Hand Weapons
 a - a +0 shortbow (weapon)
Missiles
 i - 4 javelins
 q - 2 poisoned darts
Armour
 k - a +0 scale mail (worn)
Jewellery
 o - a +6 ring of intelligence (left hand)
Scrolls
 b - 3 scrolls of immolation
 c - a scroll of identify {unknown}
 e - 2 scrolls of poison {unknown}
 h - 5 scrolls of vulnerability {unknown}
 l - a scroll of amnesia {unknown}
 m - a scroll of teleportation {unknown}
 n - 2 scrolls of enchant weapon {unknown}
Potions
 d - a potion of heal wounds {unknown}
 f - a potion of haste
 g - a potion of cancellation {unknown}
 j - 2 potions of curing
 p - a potion of lignification {unknown}


   Skills:
 + Level 3.5 Fighting
 + Level 4.9 Ranged Weapons
 + Level 3.4 Dodging
 - Level 1.0 Stealth


You had 4 spell levels left.
You didn't know any spells.
Your spell library contained the following spells:

 Spells                   Type           Power      Damage    Failure   Level
 Magic Dart               Conj           0%         1d3       86%         1
 Call Imp                 Summ           0%         N/A       95%         2
 Mephitic Cloud           Conj/Pois/Air  0%         N/A       99%         3


Dungeon Overview and Level Annotations

Branches:
Dungeon (3/15)

Altars:

Annotations:
D:3 Ijyb


Message History

You shoot an arrow. The arrow closely misses Ijyb.
Ijyb hits you with a +4 spectral club. Ijyb closely misses you.
Fire: a) +0 shortbow
Press: ? - help, Q - select action, (/) - cycle Shift-Dir - straight line, f/p - Ijyb
Aim: Ijyb, wielding a +4 spectral club, wearing a +0 scale mail and carrying a wand of iceblast (4) (heavily wounded, 61% to hit)
You shoot an arrow. The arrow hits Ijyb.
Ijyb is heavily wounded.
Ijyb hits you but does no damage. Ijyb hits you with a +4 spectral club.
Fire: a) +0 shortbow
Press: ? - help, Q - select action, (/) - cycle Shift-Dir - straight line, f/p - Ijyb
Aim: Ijyb, wielding a +4 spectral club, wearing a +0 scale mail and carrying a wand of iceblast (4) (heavily wounded, 61% to hit)
You shoot an arrow. The arrow hits Ijyb but does no damage.
Ijyb is heavily wounded.
Ijyb misses you.
Fire: a) +0 shortbow
Press: ? - help, Q - select action, (/) - cycle Shift-Dir - straight line, f/p - Ijyb
Aim: Ijyb, wielding a +4 spectral club, wearing a +0 scale mail and carrying a wand of iceblast (4) (heavily wounded, 61% to hit)
You shoot an arrow. The arrow barely misses Ijyb.
Ijyb barely misses you.
Unknown command.
Fire: a) +0 shortbow
Press: ? - help, Q - select action, (/) - cycle Shift-Dir - straight line, f/p - Ijyb
Aim: Ijyb, wielding a +4 spectral club, wearing a +0 scale mail and carrying a wand of iceblast (4) (heavily wounded, 61% to hit)
You shoot an arrow. The arrow hits Ijyb but does no damage.
Ijyb is heavily wounded.
Ijyb hits you with a +4 spectral club.
* * * LOW HITPOINT WARNING * * *
Ijyb screams, "It's all mine!"
Ijyb barely misses you.
Unknown command.
Fire: a) +0 shortbow
Press: ? - help, Q - select action, (/) - cycle Shift-Dir - straight line, f/p - Ijyb
Aim: Ijyb, wielding a +4 spectral club, wearing a +0 scale mail and carrying a wand of iceblast (4) (heavily wounded, 61% to hit)
You shoot an arrow. The arrow hits Ijyb.
Ijyb is heavily wounded.
Ijyb closely misses you. Ijyb hits you with a +4 spectral club.
* * * LOW HITPOINT WARNING * * *
It was a potion of haste.
You feel yourself speed up. Ijyb hits you with a +4 spectral club.
You die...

#.#..# #.# #.#...
#.# #.# #.## #.#
#... #.##.# ####
#.##.# #.##.#
#.##.##########
#@#...........#
#g#...........#
#.#...........#
#.#...........#
###)#...........#
#..)............#
#.#.#...........#
...#.###...#######
..># #.###...#


You could see Ijyb.

Vanquished Creatures
  Jessica (D:3)
  4 gnolls (D:3)
  4 adders
  2 dart slugs (D:1)
  5 bats
  4 endoplasms
  4 giant cockroaches
  8 goblins
  5 hobgoblins
  2 quokkas
  3 ball pythons
  4 frilled lizards
  7 kobolds
  7 rats
60 creatures vanquished.

Notes
Turn   | Place    | Note
-------+----------+-------------------------------------------
     0 | D:1      | Thatpatchoflichen the Human Hunter began the quest for the
                  | Orb.
     0 | D:1      | Reached XP level 1. HP: 16/16 MP: 1/1
    71 | D:1      | Reached XP level 2. HP: 22/22 MP: 2/2
   345 | D:1      | Reached XP level 3. HP: 28/28 MP: 3/3
   916 | D:2      | Reached XP level 4. HP: 33/34 MP: 4/4
  1866 | D:3      | Reached XP level 5. HP: 41/41 MP: 5/5
  1880 | D:3      | Noticed Jessica
  1883 | D:3      | Killed Jessica
  1987 | D:3      | Noticed Ijyb
  2019 | D:3      | Slain by Ijyb

Illustrated notes

Levels and vault maps discovered:
D:1:      dpeg_arrival_arbitrary_c, layout_basic
D:2:      minmay_door_path, layout_rooms, feat_on_display
D:3:      layout_basic, kennysheep_okawaru_gauntlet, uniq_grinder, uniq_ijyb,
          uniq_jessica

Skill      XL: |  1  2  3  4 |
---------------+-------------+-----
Fighting       | 3 |  3.5
Dodging        | 3 |  3.4
Ranged Weapons | |  4.9
Stealth        | |  1.0

Action                   |  1- 3 |  4- 6 || total
-------------------------+-------+-------++-------
 Fire: Shortbow          |    72 |   101 ||   173
  Use: Potion            |       |     1 ||     1
Armor: Leather armour    |     8 |       ||     8
       Ring mail         |     1 |     1 ||     2
       Scale mail        |       |    32 ||    32
Dodge: Dodged            |    20 |    32 ||    52
